Map: Jagannatha LE

Players

mico

  • Race: Terran Terran
  • League: Silver
  • Spawn Location: 7:00

ViBE - Winner!

  • Race: Terran Terran
  • League: Silver
  • Spawn Location: 1:00

VOD

https://www.youtube.com/watch?v=VjhJ7E-kFgw&list=PLFeZeom2b4DnD3FIu7pzkXl51JX_WWz2h&index=2

Description

Time

  • Played on: March 11, 2021, 6:19 p.m.
  • Length: 15:21
Show
View Real Time Build Order
Export as new Build Order

mico Terran 

Build Orders:  

Get SALT Encoding   

  12  0:17  Supply Depot  
  12  0:22  Supply Depot  
  12  0:34  Engineering Bay  
  12  0:48  Barracks  
  12  0:59  Refinery  
  12  1:19  SCV  
  12  1:22  Refinery  
  13  1:31  SCV  
  14  1:55  SCV  
  15  2:07  SCV  
  15  2:08  Factory  
  16  2:19  SCV  
  17  2:31  SCV  
  17  2:32  Sensor Tower  
  18  2:43  SCV  
  19  2:47  Barracks  
  19  2:48  Marine  
  20  2:59  Factory Tech Lab  
  20  3:05  Marine  
  21  3:13  Sensor Tower  
  21  3:24  Orbital Command  
  21  3:32  Widow Mine  
  23  3:36  Barracks Tech Lab  
  23  3:44  Marine  
  24  4:00  Widow Mine  
  26  4:21  Siege Tank  
  26  4:22  Starport  
  29  4:59  Supply Depot  
  29  5:08  Armory  
  29  5:15  Starport Tech Lab  
  29  5:20  Siege Tank  
  32  5:25  Supply Depot  
  32  5:39  Bunker  
  32  5:49  Supply Depot  
  32  5:52  Viking, Siege Tank  
  37  6:12  Supply Depot  
  37  6:22  Viking  
  39  6:30  Starport  
  39  6:47  Command Center  
  39  7:02  Sensor Tower  
  39  7:08  Starport  
  39  7:09  Starport Tech Lab  
  39  7:33  Viking  
  41  7:48  Starport Tech Lab  
  41  7:52  Viking  
  43  8:15  Viking  
  43  8:18  SCV  
  46  8:22  Viking  
  46  8:23  Refinery  
  48  8:30  SCV  
  48  8:32  Viking  
  51  8:51  Supply Depot  
  51  8:52  Viking  
  53  9:00  Hi-Sec Auto Tracking  
  53  9:02  Viking  
  55  9:09  Sensor Tower  
  55  9:12  Widow Mine  
  55  9:14  Supply Depot  
  55  9:16  SCV  
  58  9:28  SCV  
  58  9:30  Viking  
  61  9:33  Widow Mine  
  63  9:40  SCV  
  63  9:45  Supply Depot  
  64  9:52  SCV  
  65  9:55  Widow Mine  
  65  9:58  Viking  
  69  10:04  SCV  
  70  10:07  Supply Depot  
  70  10:27  Terran Vehicle Weapons Level 1  
  70  10:30  Supply Depot  
  70  10:33  Terran Infantry Weapons Level 1  
  70  10:43  Drilling Claws  
  70  10:50  Refinery  
  70  10:54  Supply Depot  
  70  10:56  Orbital Command  
  70  11:23  Sensor Tower  
  70  11:26  Sensor Tower  
  70  11:53  Bunker  
  70  12:04  Command Center  
  70  12:21  Terran Vehicle And Ship Armor Level 1  
  67  12:27  Terran Infantry Armor Level 1  
  52  12:47  Marine  
  26  13:04  Marine  
  25  13:12  Widow Mine  
  27  13:33  Widow Mine  
  26  13:47  Marauder  
  28  13:54  Widow Mine  
  30  14:00  Barracks  
  30  14:08  Marauder  
  32  14:16  Widow Mine  
  34  14:30  Marauder  
  36  14:33  Banshee  
  36  14:37  Widow Mine  
  41  14:51  Marauder  
  42  14:59  Widow Mine  
  38  15:15  Supply Depot  
Show
View Real Time Build Order
Export as new Build Order

ViBE Terran - Winner!

Build Orders:  

Get SALT Encoding   

  12  0:05  SCV  
  13  0:20  SCV  
  14  0:29  Supply Depot  
  14  0:36  SCV  
  15  0:55  SCV, Barracks  
  16  1:07  SCV  
  17  1:19  SCV  
  17  1:22  Refinery  
  18  1:39  SCV  
  19  1:42  Marine  
  20  1:58  Orbital Command  
  20  2:08  Command Center  
  20  2:10  Marine  
  20  2:14  Supply Depot  
  21  2:27  SCV  
  22  2:30  Marine  
  22  2:33  Factory  
  23  2:39  SCV  
  24  2:51  SCV  
  24  2:52  Barracks Reactor  
  25  3:03  SCV  
  26  3:09  Supply Depot  
  26  3:15  SCV  
  26  3:18  Factory Tech Lab  
  27  3:20  Orbital Command  
  27  3:27  SCV  
  27  3:32  Refinery  
  28  3:35  Barracks  
  28  3:40  SCV  
  29  3:45  Siege Tank  
  29  3:46  Marine x2  
  34  3:49  SCV  
  34  3:52  SCV  
  36  4:01  SCV  
  37  4:04  Marine x2  
  37  4:09  SCV  
  40  4:13  SCV  
  40  4:16  Supply Depot  
  41  4:17  Supply Depot  
  41  4:18  Siege Tank  
  41  4:21  Marine  
  41  4:22  Marine  
  46  4:26  SCV x2  
  48  4:38  SCV x2, Barracks Tech Lab  
  49  4:45  Marine x2, Starport  
  52  4:50  SCV x2  
  54  5:01  Supply Depot  
  54  5:02  Supply Depot, SCV x2  
  54  5:04  Siege Tank  
  54  5:05  Marine x2  
  54  5:06  Marine  
  62  5:14  SCV  
  62  5:15  SCV  
  64  5:26  SCV, Command Center  
  64  5:27  SCV  
  66  5:37  Refinery  
  66  5:38  Refinery  
  66  5:39  SCV x2  
  66  5:41  Engineering Bay  
  66  5:42  Engineering Bay  
  68  5:44  Marine  
  68  5:45  Marine x2  
  68  5:47  Starport Reactor  
  71  5:51  SCV x2  
  73  5:57  Engineering Bay  
  73  5:58  Engineering Bay  
  73  6:03  SCV x2  
  75  6:09  Terran Infantry Weapons Level 1  
  75  6:10  Terran Infantry Armor Level 1  
  75  6:11  Stimpack  
  75  6:16  Marine x2  
  75  6:17  Marine  
  78  6:23  SCV x2  
  80  6:35  Supply Depot, SCV  
  80  6:36  Supply Depot  
  80  6:39  Supply Depot, Orbital Command  
  81  6:40  Marine  
  81  6:41  Marine x2, Supply Depot  
  81  6:42  Medivac x2  
  88  6:49  Armory  
  88  6:58  Marine  
  89  7:05  Supply Depot  
  89  7:06  Supply Depot  
  89  7:10  SCV x3  
  89  7:14  Marine  
  89  7:15  Marine  
  93  7:18  Medivac x2  
  93  7:20  Marine  
  99  7:24  SCV  
  99  7:25  SCV x2  
  102  7:33  Barracks x2  
  102  7:35  Barracks x2  
  102  7:38  Barracks  
  102  7:52  SCV  
  102  7:53  SCV x2  
  102  7:56  Marine  
  102  7:57  Marine x2  
  108  8:00  Medivac x2  
  108  8:04  SCV  
  108  8:05  SCV x2  
  115  8:20  Refinery x2  
  115  8:21  Command Center  
  115  8:24  Barracks Reactor x5  
  115  8:28  Terran Infantry Armor Level 2, Terran Infantry Weapons Level 2  
  115  8:34  SCV x3  
  118  8:45  Supply Depot x2  
  118  8:46  SCV, Supply Depot  
  118  8:47  SCV x2  
  121  8:48  Supply Depot  
  121  8:49  Supply Depot  
  121  9:03  Marine x10  
  121  9:04  Marine x3  
  121  9:05  Medivac x2  
  121  9:09  Combat Shield  
  138  9:13  Terran Vehicle Weapons Level 1  
  138  9:20  SCV x2  
  138  9:21  SCV  
  141  9:33  Planetary Fortress  
  141  9:37  SCV x2, Command Center  
  141  9:38  SCV  
  144  9:43  Marine x9  
  144  9:44  Marine x3  
  144  9:45  Marine  
  157  9:46  Medivac x2  
  161  10:09  SCV  
  161  10:10  SCV x2  
  164  10:23  SCV x3  
  167  10:28  Concussive Shells  
  167  10:35  SCV x2  
  169  10:39  SCV  
  169  10:49  Terran Infantry Weapons Level 3  
  169  10:50  Terran Infantry Armor Level 3  
  168  10:57  Planetary Fortress  
  168  11:10  Marine  
  168  11:11  Marine x12  
  170  11:13  Medivac x2  
  170  11:17  Terran Vehicle Weapons Level 2  
  185  11:19  Command Center  
  185  11:28  Marine  
  185  11:29  Marine x10  
  196  12:14  Barracks  
  194  12:16  Barracks x2  
  194  12:19  Barracks  
  194  12:21  Barracks x3, Starport  
  194  12:22  Barracks  
  159  12:23  Marine, Barracks  
  159  12:24  Marine x12, Barracks  
  159  12:25  Medivac x2  
  151  12:40  Barracks x2  
  151  12:41  Marine x4  
  151  12:42  Barracks  
  155  12:46  Barracks  
  155  12:51  Barracks  
  146  12:59  Barracks  
  146  13:11  Starport Reactor  
  146  13:14  Barracks Tech Lab x4  
  146  13:16  Barracks Reactor x6  
  146  13:17  Planetary Fortress  
  144  13:26  Marauder  
  146  13:27  Medivac x2  
  146  13:29  Barracks Reactor x2  
  146  13:32  Marine x4, Command Center  
  142  13:34  Marine, Marauder  
  142  13:35  Marine x7, Marauder x3  
  156  13:43  Hi-Sec Auto Tracking  
  156  13:48  Marauder  
  158  13:49  Marine  
  158  13:50  Marine x3  
  158  13:52  Marine x2  
  158  13:53  Marine x6  
  158  13:54  Barracks Reactor  
  158  13:55  Barracks Reactor, Marine x4  
  170  14:02  Marine x3  
  174  14:03  Marine x9  
  174  14:05  Marine x4  
  174  14:07  Marine  
  174  14:08  Marine x3  
  174  14:09  Medivac x2, Marauder  
  200  15:04  Command Center  
Tags
 
Matchup
TvT
Player
ViBE
Race
Terran
Replay Pack
Bronze_League
Spawn Locations
Cross Positions
Add a new tag
Caveats
  • Supply blocks, unpowered buildings, or Contaminate may cause inaccurate times.
  • Supply counts are checked every 10 seconds.